 Dungeon Crawl Stone Soup version 0.23-a0-650-ga4d50d4d25 (webtiles) character file.

9 Morenatsu the Cudgeler (level 2, -4/24 HPs)
             Began as a Demonspawn Berserker on Jan 3, 2019.
             Was a Follower of Trog.
             Slain by a goblin
             ... wielding a +0 club
              (7 damage)
             ... on level 1 of the Dungeon.
             The game lasted 00:00:25 (152 turns).

Morenatsu the Cudgeler (Demonspawn Berserker)        Turns: 152, Time: 00:00:25

Health: -4/24      AC:  2    Str: 17    XL:     2   Next: 3%
Magic:  2/2        EV: 12    Int:  8    God:    Trog [*.....]
Gold:   9          SH:  0    Dex: 12    Spells: 1/1 levels left

rFire    . . .     SeeInvis .   a - +0 mace
rCold    . . .     Gourm    .   (no shield)
rNeg     . . .     Faith    .   b - +0 animal skin
rPois    .         Spirit   .   (no helmet)
rElec    .         Reflect  .   (no cloak)
rCorr    .         Harm     .   (no gloves)
MR       .....                  (no boots)
Stlth    ++........             (no amulet)
HPRegen  0.08/turn              (no ring)
MPRegen  0.08/turn              (no ring)

@: no status effects
A: nightstalker 1
a: Berserk, Renounce Religion


You were on level 1 of the Dungeon.
You worshipped Trog.
Trog was aware of your devotion.
You were not hungry.

You visited 1 branch of the dungeon, and saw 1 of its levels.

You collected 9 gold pieces.

Inventory:

Hand Weapons
 a - a +0 mace (weapon)
Armour
 b - a +0 animal skin (worn)
Scrolls
 d - a scroll of teleportation {unknown}
Potions
 e - a potion of cancellation {unknown}
 f - a potion of agility {unknown}
Comestibles
 c - a ration


   Skills:
 - Level 3.0 Fighting
 + Level 3.2 Maces & Flails
 - Level 1.7 Armour
 - Level 1.7 Dodging


You had one spell level left.
You didn't know any spells.
Your spell library was empty.

Dungeon Overview and Level Annotations

Branches:
Dungeon (1/15)

Altars:


Innate Abilities, Weirdness & Mutations

You are slightly more attuned to the shadows.


Message History

The goblin hits you but does no damage. The goblin misses you.
The goblin closely misses you. The goblin hits you but does no damage.
The goblin hits you with a +0 club. The goblin barely misses you.
The goblin hits you but does no damage. The goblin hits you with a +0 club.
The goblin misses you. The goblin misses you.
The goblin hits you with a +0 club. The goblin hits you but does no damage.
The goblin hits you with a +0 club. The goblin barely misses you.
The goblin hits you with a +0 club. The goblin misses you.
The goblin hits you but does no damage. The goblin hits you with a +0 club.
The goblin hits you with a +0 club.
* * * LOW HITPOINT WARNING * * *
The goblin hits you with a +0 club.
* * * LOW HITPOINT WARNING * * *
The goblin barely misses you. x2
The goblin closely misses you. The goblin closely misses you.
The goblin hits you with a +0 club.
* * * LOW HITPOINT WARNING * * *
The goblin barely misses you. The goblin hits you with a +0 club!
You die...

.....#........# ####.##.##...
#..#.##..####....................
.........# #.#...#.......#.##...
####.....# #..###..........##...
####### #..#............##...
#..#.#. .........#...
#.#...#......[.....##
#...g...##...#.#.#.##
#@#####.####.##... #.g#......
####.## ######.#...$.. #...
#....[........ ####
#.####........ # #.......... #
#.##....... #. #.##.##..$....
##.# #......†###### #.##


You could see 2 goblins.

Vanquished Creatures
  A goblin (D:1)
  A hobgoblin (D:1)
  3 jackals (D:1)
  A bat (D:1)
  2 rats (D:1)
8 creatures vanquished.

Notes
Turn   | Place    | Note
-------+----------+-------------------------------------------
     0 | D:1      | Morenatsu the Demonspawn Berserker began the quest for the
                  | Orb.
     0 | D:1      | Reached XP level 1. HP: 18/18 MP: 1/1
   118 | D:1      | Gained mutation: You are slightly more attuned to the
                  | shadows. [demonic ancestry]
   118 | D:1      | Reached XP level 2. HP: 19/24 MP: 2/2
   152 | D:1      | Slain by a goblin

Vault maps used:
D:1:      dpeg_arrival_tiny_a, minmay_3d_cube

Skill      XL: |  1 |
---------------+----+-----
Maces & Flails | 3 |  3.2
Fighting       | |  3.0
Armour         | |  1.7
Dodging        | |  1.7

Action                   || total
-------------------------++-------
Melee: Mace              ||    15
Armor: Animal skin       ||     5
Dodge: Dodged            ||    32

Table legend:
 A = Non-vault XP
 B = Vault XP
 C = Vault XP percentage of total XP
 D = Non-vault monster count
 E = Vault monster count
 F = Vault count percentage of total count
                 A         B        C        D         E       F
            +---------+---------+-------+---------+---------+-------
      Total |      13 |       0 |   0.0 |       8 |       0 |   0.0
            +---------+---------+-------+---------+---------+-------
        D:1 |      13 |       0 |   0.0 |       8 |       0 |   0.0
            +---------+---------+-------+---------+---------+-------
